 Dungeon Crawl Stone Soup version 0.26-a0-737-g4e9f4955e2 (webtiles) character file.

Game seed: 11022476697933227660

4295 Kinoniko the Fighter (level 10, -3/66 HPs)
             Began as a Gargoyle Fighter on Nov 4, 2020.
             Was a Believer of Makhleb.
             Slain by an orc warrior
             ... wielding a +0 war axe
              (12 damage)
             ... on level 9 of the Dungeon.
             The game lasted 00:14:07 (8492 turns).

Kinoniko the Fighter (Gargoyle Fighter)             Turns: 8492, Time: 00:14:08

Health: -3/66      AC: 17    Str: 22    XL:     10   Next: 32%
Magic:  14/14      EV:  9    Int:  9    God:    Makhleb [**....]
Gold:   214        SH:  0    Dex: 12    Spells: 9/9 levels left

rFire    + + .     SeeInvis +   q - +2 dire flail "Noathrui" {vorpal, MR+ Str+2 SInv}
rCold    + + .     Faith    .   (shield currently unavailable)
rNeg     + + .     Spirit   .   r - +2 scale mail {rF+}
rPois    ∞         Reflect  .   v - +0 helmet
rElec    +         Harm     .   (no cloak)
rCorr    +         Rampage  .   (no gloves)
MR       +....                  (no boots)
Stlth    ..........             (no amulet)
HPRegen  0.21/turn              e - ring of protection from cold
MPRegen  0.14/turn              y - ring of positive energy

@: mighty, about to teleport, resistant
A: negative energy resistance 1, electricity resistance, unbreathing,
petrification resistance, rot immunity, AC +7
a: Minor Destruction, Renounce Religion


You were on level 9 of the Dungeon.
You worshipped Makhleb.
Makhleb was pleased with you.
You visited 2 branches of the dungeon, and saw 10 of its levels.

You collected 366 gold pieces.
You spent 152 gold pieces at shops.

Inventory:

Hand Weapons
 a - a +0 long sword
 q - the +2 dire flail "Noathrui" (weapon) {vorpal, MR+ Str+2 SInv}
   (You found it on level 5 of the Dungeon)

   It inflicts extra damage upon your enemies.
   It affects your strength (+2).
   It affects your resistance to hostile enchantments.
   It lets you see invisible.
Armour
 r - a +2 scale mail of fire resistance (worn)
 v - a +0 helmet (worn)
Jewellery
 d - a cursed ring of teleportation
 e - a ring of protection from cold (left hand)
 j - a +6 ring of intelligence
 y - a ring of positive energy (right hand)
Wands
 b - a wand of polymorph (7)
 c - a wand of flame (8)
 n - a wand of acid (3)
 w - a wand of random effects (18)
Scrolls
 f - 3 scrolls of enchant weapon
 g - 6 scrolls of remove curse
 h - 2 scrolls of amnesia
 k - 2 scrolls of magic mapping
 l - 4 scrolls of immolation
 p - a scroll of teleportation
 t - a scroll of enchant armour
 u - 3 scrolls of fog
 A - a scroll of identify
Potions
 i - 2 potions of flight
 m - 2 potions of stabbing
 s - a potion of might
 x - 2 potions of curing
 z - a potion of brilliance


   Skills:
 + Level 9.2 Fighting
 - Level 6.9 Long Blades
 * Level 8.0 Maces & Flails
 - Level 4.4 Armour
   Level 3.3 Shields
 + Level 5.7 Invocations


You had 9 spell levels left.
You didn't know any spells.
Your spell library contained the following spells:

 Spells                   Type           Power        Failure   Level
 Animate Skeleton         Necr           #.....       71%         1
 Apportation              Tloc           #.....       71%         1
 Corona                   Hex            #......      71%         1
 Shock                    Conj/Air       #...         71%         1
 Summon Small Mammal      Summ           #...         71%         1
 Ensorcelled Hibernation  Hex/Ice        #.....       83%         2
 Swiftness                Air            #.......     83%         2
 Confusing Touch          Hex            #.......     97%         3
 Dazzling Flash           Conj/Hex       #.....       97%         3
 Gell's Gravitas          Tloc           #.........   97%         3
 Static Discharge         Conj/Air       #.......     97%         3
 Tukima's Dance           Hex            #.......     97%         3
 Airstrike                Air            #.........   100%        4
 Petrify                  Tmut/Erth      #.......     100%        4
 Lightning Bolt           Conj/Air       #.........   100%        5
 Metabolic Englaciation   Hex/Ice        #.........   100%        5
 Yara's Violent Unravell  Hex/Tmut       #.........   100%        5
 Haunt                    Necr/Summ      #.........   100%        7
 Borgnjor's Revivificati  Necr           #.........   100%        8
 Infestation              Necr           #.........   100%        8
 Necromutation            Tmut/Necr      #.........   100%        8
 Death's Door             Necr           #.........   100%        9


Dungeon Overview and Level Annotations

Branches:
Dungeon (9/15)             Temple (1/1) D:6
   Lair: D:8-11         Orc: D:9-12

Altars:
Ashenzari
Cheibriados
Dithmenos
Elyvilon
Fedhas
Gozag
Hepliaklqana
Kikubaaqudgha
Makhleb
Nemelex Xobeh
Okawaru
Qazlal
Ru
Sif Muna
Trog
Uskayaw
Vehumet
Wu Jian
Xom
Yredelemnul
Zin
The Shining One

Shops:
D:4 ?(   D:5 !   D:6 !   D:7 ?   D:8 [

Annotations:
D:8 2 transporters, KennyOmg's ghost, novice MiBe


Innate Abilities, Weirdness & Mutations

You are resistant to torment.
Your stone body is resilient. (AC +7)
You are immune to poison.
You resist negative energy. (rN+)
You are resistant to electric shocks. (rElec)
You can survive without breathing.
You are immune to petrification.
You are immune to rotting.


Message History

You feel better.
An orc wizard comes into view.
It is wielding a +0 dagger and wearing a +1 robe of magic resistance.
The orc hits you but does no damage. The kobold hits you but does no damage.
The kobold throws a stone.
The stone hits you but does no damage.
You are too injured to fight recklessly!
You are too injured to fight recklessly!
Unknown command.
The orc warrior hits you with a +0 war axe.
* * * LOW HITPOINT WARNING * * *
The kobold throws a stone.
The stone hits you.
* * * LOW HITPOINT WARNING * * *
You see here a stone.
As you read the scroll of teleportation, it crumbles to dust.
You feel strangely unstable. The orc misses you.
The orc warrior hits you with a +0 war axe!
* * * LOW HITPOINT WARNING * * *
Unknown command.
You feel better. The orc closely misses you.
The orc warrior hits you with a +0 war axe!
You die...

#...###.....)...#...###
#...##...(.†...........
###.......((((.....#
##...........)...#
##.............##
##...........##
##.........##
#.......)## ##..###@K##
#### #ooK## ##oo.#
##o.# #.... ##.....
...#... #..# .o ..# .


You could see an orc warrior, an orc priest, an orc wizard, 2 orcs and 2
kobolds.

Vanquished Creatures
  Sigmund (D:3)
  4 vampire mosquitoes (D:9)
  2 wargs (D:9)
  An orc warrior (D:7)
  An ice beast (D:7)
  2 phantoms (D:4)
  5 ogres
  2 necrophages
  2 centaurs
  A big kobold (D:9)
  6 bullfrogs
  A gnoll sergeant (D:7)
  4 scorpions
  2 howler monkeys (D:8)
  6 wights
  A bullfrog skeleton (D:7)
  A gnoll shaman (D:6)
  3 jellies (D:7)
  9 orc priests
  4 orc wizards
  A quasit (D:7)
  A hound (D:5)
  A centaur skeleton (D:6)
  5 iguanas
  7 worker ants
  9 gnolls
  7 adders
  2 shadow imps
  5 white imps
  2 oozes
  2 ufetubi
  2 adder skeletons (D:5)
  An adder zombie (D:5)
  A worm (D:3)
  4 dart slugs
  6 leopard geckos
  30 orcs
  3 bats
  4 giant cockroaches
  7 goblins
  11 hobgoblins
  11 jackals
  3 quokkas
  A ball python (D:2)
  3 frilled lizards
  8 kobolds
  A quokka skeleton (D:9)
  7 rats
203 creatures vanquished.

Vanquished Creatures (others)
  3 plants (D:9)
  7 toadstools (D:1)
10 creatures vanquished.

Grand Total: 213 creatures vanquished

Notes
Turn   | Place    | Note
-------+----------+-------------------------------------------
     0 | D:1      | Kinoniko the Gargoyle Fighter began the quest for the Orb.
     0 | D:1      | Reached XP level 1. HP: 14/14 MP: 1/1
    72 | D:1      | Reached XP level 2. HP: 16/19 MP: 2/2
   338 | D:1      | Reached XP level 3. HP: 24/24 MP: 3/3
   776 | D:2      | Reached skill level 4 in Fighting
  1124 | D:2      | Reached XP level 4. HP: 28/29 MP: 4/4
  1515 | D:3      | Reached XP level 5. HP: 4/34 MP: 5/5
  1865 | D:3      | Found a basalt altar of Yredelemnul.
  1875 | D:3      | Noticed Sigmund
  1901 | D:3      | Killed Sigmund
  1901 | D:3      | Reached skill level 5 in Fighting
  1901 | D:3      | Reached XP level 6. HP: 34/40 MP: 6/6
  2509 | D:4      | Noticed a phantom
  2549 | D:4      | Reached skill level 5 in Long Blades
  2767 | D:4      | Found Uqeres's Magic Scroll Boutique.
  2880 | D:4      | Bought a scroll of enchant weapon for 82 gold pieces
  2917 | D:4      | Killed a phantom
  2917 | D:4      | Reached XP level 7. HP: 39/45 MP: 7/7
  3060 | D:4      | Reached skill level 6 in Fighting
  3300 | D:4      | Reached XP level 8. HP: 19/52 MP: 8/8
  3491 | D:4      | Found Hottoept's Weapon Shop.
  3675 | D:5      | Entered Level 5 of the Dungeon
  3892 | D:5      | Got a twisted dire flail
  3893 | D:5      | Identified the +2 dire flail "Noathrui" {vorpal, MR+ Str+2
                  | SInv} (You found it on level 5 of the Dungeon)
  3970 | D:5      | Found Plog's Distillery.
  3978 | D:5      | Bought a potion of heal wounds for 70 gold pieces
  4231 | D:5      | Reached skill level 1 in Maces & Flails
  4689 | D:6      | Reached skill level 7 in Fighting
  4721 | D:6      | Found a staircase to the Ecumenical Temple.
  4783 | Temple   | Entered the Ecumenical Temple
  4940 | Temple   | Became a worshipper of Makhleb the Destroyer
  5041 | D:6      | Reached skill level 1 in Invocations
  5161 | D:6      | Reached XP level 9. HP: 53/57 MP: 10/10
  5811 | D:6      | Found Igab's Distillery.
  6104 | D:7      | Reached skill level 5 in Maces & Flails
  6106 | D:7      | Reached * piety under Makhleb
  6241 | D:7      | Reached skill level 8 in Fighting
  6863 | D:7      | Found Qouphon's Magic Scroll Shop.
  7420 | D:8      | Found a transporter.
  7429 | D:8      | Noticed KennyOmg's ghost (novice MiBe)
  7443 | D:8      | Found a transporter.
  7784 | D:8      | Found Puhucadd's Antique Armour Emporium.
  7897 | D:8      | Reached XP level 10. HP: 65/65 MP: 13/13
  7970 | D:8      | Reached ** piety under Makhleb
  8007 | D:8      | Reached skill level 5 in Invocations
  8210 | D:9      | Reached skill level 9 in Fighting
  8491 | D:9      | HP: 3/66 [orc warrior/+0 war axe (13)]
  8492 | D:9      | Slain by an orc warrior

Illustrated notes

Levels and vault maps discovered:
D:1:      nagdon_arrival_double_spiral, layout_rooms
D:2:      layout_basic
D:3:      layout_loops_cross, overflow_temple_1_default, uniq_sigmund
D:4:      layout_rooms, serial_shops, shop,
          nicolae_shop_temple_entry_statues_fountains
D:5:      layout_basic, serial_shops, nicolae_shop_waterfront
D:6:      layout_basic, minmay_temple_entry_waves, serial_shops, kennysheep_mini
D:7:      layout_gridville, serial_shops, kennysheep_little_box
D:8:      layout_loops_ring, gammafunk_ghost_stat_death, serial_shops, shop
D:9:      minmay_evil_eye, layout_layer_cave, erik_lair_orcish_takeover,
          nrook_mini_vaults, fedhas_altar_3
Temple:   compressed_dpeg_circular_temple

Skill      XL: |  1  2  3  4  5  6  7  8  9 10 |
---------------+-------------------------------+-----
Long Blades    | 2 3 4 5 6 |  6.9
Fighting       | 4 5 6 7 8 9 |  9.2
Maces & Flails | 4 7 8 |  8.0
Armour         | 4 |  4.4
Invocations    | 2 4 5 |  5.7
Shields        | |  3.3

Action                   |  1- 3 |  4- 6 |  7- 9 | 10-12 || total
-------------------------+-------+-------+-------+-------++-------
Melee: Long sword        |   107 |   175 |    69 |       ||   351
       Dire flail        |       |       |   343 |    62 ||   405
  Use: Potion            |       |     6 |     2 |     4 ||    12
       Scroll            |       |    10 |     8 |     1 ||    19
 Stab: Invisible         |       |       |     2 |       ||     2
Armor: Scale mail        |    80 |   149 |   268 |    54 ||   551
       Skin              |       |    28 |       |       ||    28
Dodge: Dodged            |    71 |   106 |   236 |    34 ||   447
Block: Kite shield       |    10 |       |       |       ||    10
       Rpst.: Long sword |    17 |    32 |     9 |       ||    58

Table legend: (Time is in decaauts)
 A = Elapsed time spent in this place.
 B = Non-inter-level travel time spent in this place.
 C = Inter-level travel time spent in this place.
 D = Time resting spent in this place.
 E = Time spent auto-exploring this place.
 F = Levels seen in this place.
 G = Mean time per level.
                   A        B        C        D        E       F      G
               +--------+--------+--------+--------+--------+-----+--------+
         Total |   8659 |   8197 |    462 |   2217 |   4518 |  10 |  865.9 |
       Dungeon |   8487 |   8098 |    389 |   2217 |   4422 |   9 |  943.0 |
        Temple |    172 |     99 |     73 |      0 |     96 |   1 |  172.0 |
               +--------+--------+--------+--------+--------+-----+--------+

Top non-repeatable levels by time:
     D:3: 1499 daAuts
     D:7: 1306 daAuts
     D:6: 1191 daAuts
     D:5: 1003 daAuts
     D:4: 870 daAuts
     D:8: 858 daAuts
     D:2: 727 daAuts
     D:1: 723 daAuts
     D:9: 305 daAuts
  Temple: 172 daAuts
